[Event "Team 45 45 League T58"]
[Site "Internet Chess Club"]
[Date "2013.08.24"]
[Round "1"]
[White "globulon"]
[Black "kingsrook"]
[Result "1-0"]
[WhiteElo "1443"]
[BlackElo "1262"]
[Opening "Sicilian: Anderssen variation"]
[ECO "B41"]
[Time "12:00:06"]
[TimeControl "2700+45"]

1. e4 c5 2. Nf3 e6 3. d4 cxd4 4. Nxd4 Nf6 5. f3 Nc6 6. Nb3 Qb6 7. Qe2 Nd4 8. Qd3
Nxb3 9. Qxb3 Bc5 10. Nc3 Bf2+ 11. Ke2 Bd4 12. Bd2 O-O 13. g4 h6 14. h4 Ne8 15.
Re1 d6 16. h5 f6 17. Kd1 Nc7 18. f4 Kh8 19. g5 e5 20. gxh6 gxh6 21. f5 Bd7 22.
Bxh6 Rg8 23. Bd2 Qxb3 24. axb3 Bc6 25. h6 Kh7 26. Re2 Rg1 27. Rxg1 Bxg1 28. Rg2
Rg8 29. Ne2 Bxe4 30. Rxg1 Bf3 31. Rxg8 Kxg8 32. Kc1 Kh7 33. Ng3 Bg4 34. Be2 Bxe2
35. Nxe2 Nd5 36. c4 Ne7 37. Ng3 Nc6 38. Nh5 Nd4 39. Nxf6+ Kh8 40. b4 Nxf5 41. b5
b6 42. Kc2 Nd4+ 43. Kd3 Nb3 44. Bb4 Nc5+ 45. Bxc5 bxc5 46. Ke4 d5+ 47. cxd5 c4
48. d6 c3 49. d7 c2 50. d8=Q# {Black checkmated} 1-0

[Event "Team 45 45 League T58"]
[Site "Internet Chess Club"]
[Date "2013.08.25"]
[Round "1"]
[White "Invicta-Knight"]
[Black "rookmaster23"]
[Result "0-1"]
[WhiteElo "1452"]
[BlackElo "1645"]
[Opening "Sicilian: Grand Prix attack"]
[ECO "B23"]
[Time "15:00:59"]
[TimeControl "2700+45"]

1. e4 c5 2. Nc3 Nc6 3. f4 g6 4. Nf3 Bg7 5. Bc4 e6 6. b3 Nge7 7. Bb2 d5 8. exd5
exd5 9. Be2 O-O 10. Na4 Bxb2 11. Nxb2 Nf5 12. c3 Re8 13. O-O d4 14. c4 Nb4 15.
Bd3 b6 16. a3 Nxd3 17. Nxd3 Bb7 18. Nfe5 f6 19. Ng4 h5 20. Ngf2 Ne3 21. dxe3
dxe3 22. Re1 exf2+ 23. Nxf2 Qc7 24. Rxe8+ Rxe8 25. Qd2 Qc6 26. Nh3 Qe4 27. Rd1
Re7 28. Kf1 Qe3 29. Qxe3 Rxe3 30. Rd8+ Kf7 31. Rd7+ Re7 32. Rxe7+ Kxe7 33. Nf2
Ke6 34. g3 g5 35. fxg5 fxg5 36. Nh3 Kf5 37. Ke2 Be4 38. Kd2 Kg4 39. Nf2+ Kf3 40.
Nxe4 Kxe4 41. Ke2 Kd4 42. Kd2 g4 43. a4 a5 {White resigns} 0-1

[Event "Team 45 45 League T58"]
[Site "Internet Chess Club"]
[Date "2013.08.25"]
[Round "1"]
[White "sdcohle"]
[Black "matthewc"]
[Result "1-0"]
[WhiteElo "1485"]
[BlackElo "1342"]
[Opening "QGD semi-Slav: 5.e3"]
[ECO "D45"]
[Time "22:00:48"]
[TimeControl "2700+45"]

1. d4 d5 2. c4 c6 3. e3 Nf6 4. Nc3 e6 5. Nf3 Bb4 6. Bd2 Qa5 7. Bd3 Ne4 8. Nxe4
dxe4 9. Bxe4 Bxd2+ 10. Nxd2 O-O 11. O-O Nd7 12. Qc2 g6 13. c5 e5 14. Nb3 Qc7 15.
Rad1 exd4 16. Nxd4 Nf6 17. Bf3 Bg4 18. h3 Bxf3 19. Nxf3 Rad8 20. Qc3 Rxd1 21.
Rxd1 Nd5 22. Qc4 Rd8 23. Qd4 f6 24. e4 Kf7 25. exd5 Rxd5 26. Qc4 Qd7 27. Rxd5
cxd5 28. Qc3 b6 29. cxb6 axb6 30. a3 Ke6 31. Nd4+ Kd6 32. a4 Qxa4 33. b3 Qd7 34.
Qb4+ Ke5 35. Nf3+ Ke6 36. Qxb6+ Qd6 37. Qxd6+ Kxd6 38. Kf1 Kc5 39. Nd2 Kb4 40.
Ke2 Kc3 41. f4 g5 42. fxg5 fxg5 43. g4 h6 44. b4 Kxb4 45. Kd3 Kc5 46. Nf3 Kd6
47. Kd4 Ke6 48. Ne5 Kf6 49. Nd7+ Ke6 50. Nb6 Kd6 51. Nxd5 Ke6 52. Ke4 Kf7 53.
Kf5 Kg7 54. Ne7 Kf7 55. Ng6 Kg7 56. h4 gxh4 57. Nxh4 Kf7 58. Ng2 Kg7 59. Nf4 Kf7
60. Nh5 Kg8 61. Kf6 Kh7 62. Kf7 Kh8 63. Kg6 Kg8 64. Kxh6 Kh8 65. Kg6 Kg8 66. g5
Kh8 67. Kf7 Kh7 68. g6+ Kh8 69. g7+ Kh7 70. g8=Q+ Kh6 71. Qg6# {Black
checkmated} 1-0

[Event "Team 45 45 League T58"]
[Site "Internet Chess Club"]
[Date "2013.08.22"]
[Round "1"]
[White "one-over"]
[Black "smsxman"]
[Result "0-1"]
[WhiteElo "1313"]
[BlackElo "1450"]
[Opening "Philidor's defense"]
[ECO "C41"]
[Time "21:13:39"]
[TimeControl "2700+45"]

1. e4 e5 2. Nf3 d6 3. d4 Bg4 4. dxe5 dxe5 5. Qxd8+ Kxd8 6. Nxe5 Be6 7. Be2 Nd7
8. Nxd7 Bxd7 9. O-O Nf6 10. Bg5 Be7 11. Bxf6 Bxf6 12. Rd1 Re8 13. Nc3 Bxc3 14.
bxc3 c6 15. f3 Kc7 16. Bc4 Be6 17. Bb3 Rad8 18. Kf1 g5 19. Ke1 b5 20. Bxe6 fxe6
21. Rd3 a6 22. Rad1 Rxd3 23. cxd3 h5 24. g3 e5 25. d4 g4 26. fxg4 hxg4 27. d5
cxd5 28. Rxd5 Kc6 29. Rd3 Kc5 30. a3 Kc4 31. Re3 Rd8 32. Ke2 Rh8 33. h3 gxh3 34.
Rf3 h2 35. Rf5 h1=Q {White resigns} 0-1

[Event "Team 45 45 League T58"]
[Site "Internet Chess Club"]
[Date "2013.08.23"]
[Round "1"]
[White "Toalla"]
[Black "MeansToAnEnd"]
[Result "1-0"]
[WhiteElo "1293"]
[BlackElo "1295"]
[Opening "Réti opening"]
[ECO "A04"]
[Time "19:01:54"]
[TimeControl "2700+45"]

1. Nf3 d6 2. g3 Nf6 3. d3 e5 4. e4 g6 5. Bg2 Bg7 6. O-O O-O 7. Re1 Nc6 8. c3 Bg4
9. Nbd2 Qd7 10. Nf1 Bh3 11. Ne3 Bxg2 12. Nxg2 Nh5 13. Nfh4 Bf6 14. Nf5 Ne7 15.
Nxe7+ Bxe7 16. Bh6 Ng7 17. f4 f5 18. Qb3+ Kh8 19. d4 exd4 20. cxd4 fxe4 21. Rxe4
Bf6 22. Rd1 Qc6 23. Rde1 Qb6 24. Qxb6 axb6 25. Bxg7+ Bxg7 26. a3 Ra4 27. Rd1 d5
28. Re7 Bxd4+ 29. Kh1 Rc8 30. b4 Rxa3 31. Rxd4 Ra1+ 32. Re1 Rxe1+ 33. Nxe1 c6
34. Kg1 Re8 35. Kf2 Kg7 36. Nd3 Kf6 37. Ne5 Ra8 38. Rd2 Ra3 39. Nd3 Kf5 40. Kf3
Ra1 41. g4+ Kf6 42. Re2 Rf1+ 43. Rf2 Rxf2+ 44. Kxf2 g5 45. Kf3 gxf4 46. Kxf4 h6
47. h3 d4 48. Ke4 Kg5 49. Kf3 Kh4 50. Kg2 Kg5 51. Kg3 h5 52. h4+ Kh6 53. g5+ Kg6
54. Nf4+ Kf5 55. g6 d3 56. Nxd3 Kxg6 57. Kf4 Kf6 58. Ke4 Ke6 59. Nf4+ Kf6 60.
Nxh5+ Kg6 61. Nf4+ Kf6 62. h5 Kg5 63. Ne6+ Kxh5 64. Nd8 c5 65. bxc5 b5 66. Nxb7
b4 67. Kd4 b3 68. Kc3 Kg6 69. c6 Kf7 70. c7 b2 71. Kxb2 Ke7 72. c8=Q {Black
resigns} 1-0

[Event "Team 45 45 League T58"]
[Site "Internet Chess Club"]
[Date "2013.08.25"]
[Round "1"]
[White "rom1"]
[Black "Littlemon"]
[Result "1-0"]
[WhiteElo "1569"]
[BlackElo "1447"]
[Opening "QGD Slav: 4.Nc3"]
[ECO "D15"]
[Time "14:00:22"]
[TimeControl "2700+45"]

1. d4 d5 2. c4 c6 3. Nf3 Nf6 4. Nc3 Bf5 5. cxd5 cxd5 6. Qb3 Qd7 7. Ne5 Qc7 8.
Bf4 Qb6 9. Qxb6 axb6 10. e3 Nc6 11. Bb5 Bd7 12. Nxd7 Kxd7 13. Be5 e6 14. Na4
Bb4+ 15. Ke2 Ra5 16. Nxb6+ Kd8 17. Bxc6 bxc6 18. a3 Be7 19. Rhc1 Rb5 20. Rxc6
Rxb2+ 21. Kf3 Ke8 22. Rc8+ Bd8 23. Bc7 Ke7 24. Na4 Rb7 25. Rc1 Ra7 26. Bxd8+
Rxd8 27. R1c7+ Rd7 28. Rxd7+ Nxd7 29. Nc5 Nf6 30. a4 g6 31. Rb8 Ra5 32. Rb7+ Kf8
33. Rb5 Ra7 34. a5 Nd7 35. Nxd7+ Rxd7 36. g4 Ke8 37. g5 Ra7 38. Kf4 Kf8 39. Ke5
Ke7 40. h4 Kd7 41. f4 Ke7 42. Rc5 Rb7 43. a6 Rb3 44. Rc7+ Ke8 45. Kd6 Rb6+ 46.
Rc6 Rb8 47. a7 Ra8 48. Rc7 Rd8+ 49. Kc6 Kf8 50. Kb7 {Black resigns} 1-0

[Event "Team 45 45 League T58"]
[Site "Internet Chess Club"]
[Date "2013.08.25"]
[Round "1"]
[White "vjbaker"]
[Black "oldsj"]
[Result "1-0"]
[WhiteElo "1698"]
[BlackElo "1596"]
[Opening "Sicilian: Canal-Sokolsky (Nimzovich-Rossolimo, Moscow) attack"]
[ECO "B51"]
[Time "14:01:54"]
[TimeControl "2700+45"]

1. e4 c5 2. Nf3 d6 3. Bb5+ Nc6 4. Bxc6+ bxc6 5. c4 e6 6. O-O d5 7. exd5 cxd5 8.
cxd5 exd5 9. d4 Nf6 10. Be3 c4 11. Nc3 Be7 12. Ne5 O-O 13. Nc6 Qd7 14. Nxe7+
Qxe7 15. Qf3 Be6 16. Rae1 h6 17. Qg3 Nh5 18. Qe5 Nf6 19. f4 Ng4 20. Qh5 Nxe3 21.
Rxe3 Qf6 22. Re5 Qd8 23. f5 Bd7 24. Nxd5 Re8 25. f6 Rxe5 26. dxe5 g6 27. Qxh6
Qf8 28. Ne7+ {Black resigns} 1-0

[Event "Team 45 45 League T58"]
[Site "Internet Chess Club"]
[Date "2013.08.25"]
[Round "1"]
[White "Tjet"]
[Black "DeltaChess"]
[Result "1-0"]
[WhiteElo "1482"]
[BlackElo "1326"]
[Opening "English opening"]
[ECO "A20"]
[Time "16:04:00"]
[TimeControl "2700+45"]

1. c4 e5 2. g3 Nc6 3. Bg2 Bc5 4. e3 d6 5. a3 Be6 6. d3 Qd7 7. Nc3 Nge7 8. b4 Bb6
9. Nd5 f5 10. Nxb6 axb6 11. Ne2 O-O 12. O-O Ng6 13. Qc2 Rf7 14. Nc3 f4 15. exf4
exf4 16. Bd5 f3 17. Bxc6 bxc6 18. Ne4 Bxc4 19. Ng5 Bd5 20. d4 Re8 21. Kh1 Rff8
22. Bf4 Nxf4 23. Qxh7# {Black checkmated} 1-0

[Event "Team 45 45 League T58"]
[Site "Internet Chess Club"]
[Date "2013.08.25"]
[Round "1"]
[White "viktory"]
[Black "Fogbound"]
[Result "1-0"]
[WhiteElo "1457"]
[BlackElo "1263"]
[Opening "Dutch defense"]
[ECO "A84"]
[Time "11:00:39"]
[TimeControl "2700+45"]

1. d4 f5 2. c4 Nf6 3. Bf4 e6 4. e3 d5 5. a3 Be7 6. Nf3 c6 7. c5 O-O 8. Be2 Nbd7
9. O-O Ne4 10. Nbd2 Ndf6 11. b4 Nc3 12. Qe1 Nxe2+ 13. Qxe2 Bd7 14. a4 Be8 15.
Rfb1 Bh5 16. Nf1 Ne4 17. Rb3 Qe8 18. b5 Rf6 19. b6 a6 20. a5 Rg6 21. Ra2 Bg4 22.
Ng3 Bh4 23. h3 Bxh3 24. gxh3 Nxf2 25. Kxf2 Qe7 26. Ne5 Bxg3+ 27. Bxg3 Rxg3 28.
Kxg3 Qg5+ 29. Kf2 Qh4+ 30. Kf1 Rf8 31. Qf2 Qe4 32. Ke2 f4 33. Qf3 Qf5 34. Qg4
f3+ 35. Nxf3 Qf6 36. Rb1 Qh6 37. Ng5 Qg6 38. Qxe6+ Kh8 39. Qxg6 hxg6 40. Rf1 Rf5
41. Rxf5 gxf5 42. Nf3 Kg8 43. Ne5 Kf8 44. Nxc6 g6 45. Nb8 Kf7 46. Nxa6 Ke6 47.
Nc7+ Kd7 48. a6 bxa6 49. Nxa6 Kc6 50. Rb2 Kb7 51. c6+ Kxa6 52. b7 {Black
resigns} 1-0

[Event "Team 45 45 League T58"]
[Site "Internet Chess Club"]
[Date "2013.08.23"]
[Round "1"]
[White "Berke"]
[Black "PostMike"]
[Result "1/2-1/2"]
[WhiteElo "1567"]
[BlackElo "1485"]
[Opening "Sicilian: Smith-Morra gambit"]
[ECO "B21"]
[Time "14:30:42"]
[TimeControl "2700+45"]

1. e4 c5 2. d4 cxd4 3. c3 dxc3 4. Nxc3 Nc6 5. Nf3 e6 6. Bf4 Bb4 7. Bc4 Nf6 8. e5
d5 9. exd6 Ne4 10. Qc2 Nxd6 11. Bxd6 Bxd6 12. O-O Qb6 13. Rad1 Be5 14. Nxe5 Nxe5
15. Bb3 O-O 16. Qe4 Ng6 17. h4 Rd8 18. h5 Ne7 19. Bc2 f5 20. Qh4 Rxd1 21. Rxd1
Nc6 22. Bb3 Qc7 23. Qg5 Kf8 24. h6 g6 25. Qf6+ Qf7 26. Qg5 Qe7 27. Qe3 Bd7 28.
Nb5 Be8 29. Qc3 e5 30. Re1 f4 31. Qf3 Qg5 32. Qd5 Qf6 33. Qg8+ Ke7 34. Qg7+ Bf7
35. Bxf7 Qxf7 36. Rxe5+ Nxe5 37. Qxe5+ Kf8 38. Qh8+ Qg8 39. Qf6+ Qf7 40. Qh8+
{Game drawn by mutual agreement} 1/2-1/2

[Event "Team 45 45 League T58"]
[Site "Internet Chess Club"]
[Date "2013.08.23"]
[Round "1"]
[White "Aquaman"]
[Black "tamky70"]
[Result "1-0"]
[WhiteElo "1366"]
[BlackElo "1447"]
[Opening "Réti opening"]
[ECO "A05"]
[Time "15:00:41"]
[TimeControl "2700+45"]

1. Nf3 Nf6 2. g3 e6 3. Bg2 d5 4. d3 Be7 5. O-O c6 6. Nbd2 Nbd7 7. Re1 Nc5 8. b3
O-O 9. e4 dxe4 10. dxe4 Ncxe4 11. Nxe4 Qxd1 12. Rxd1 Nxe4 13. Bb2 Bb4 14. a3 Bc3
15. Bxc3 Nxc3 16. Rd2 Nd5 17. c4 Nf6 18. Ne5 h6 19. Rad1 Re8 20. Nxc6 Bd7 21.
Ne5 Bc8 22. Rd8 Kf8 23. R8d2 Kg8 24. c5 Nd5 25. c6 bxc6 26. Nxc6 Bd7 27. Ne5 Bb5
28. a4 Ba6 29. Bxd5 exd5 30. Rxd5 Rf8 31. Rd6 Be2 32. R1d2 Bh5 33. h4 Rac8 34.
Nc4 Rfe8 35. Kf1 Bg4 36. Kg2 Be6 37. Na5 Rc5 38. b4 Rcc8 39. Nc6 Bb3 40. a5 a6
41. Na7 Rb8 42. R2d4 Re6 43. Rxe6 Bxe6 44. Nc6 Rb5 45. Na7 Kh7 46. Nxb5 axb5 47.
f4 Kg6 48. a6 Bc8 49. a7 Bb7+ 50. Kf2 Kf6 51. Rd7 Ba8 52. Rd8 Bb7 53. a8=Q Ke6
{Black resigns} 1-0

[Event "Team 45 45 League T58"]
[Site "Internet Chess Club"]
[Date "2013.08.24"]
[Round "1"]
[White "rhayder"]
[Black "fuzzface"]
[Result "0-1"]
[WhiteElo "1219"]
[BlackElo "1363"]
[Opening "Ruy Lopez: 5.O-O"]
[ECO "C78"]
[Time "19:09:13"]
[TimeControl "2700+45"]

1. e4 e5 2. Nf3 Nc6 3. Bb5 a6 4. Ba4 Nf6 5. O-O h6 6. Re1 d6 7. d4 Bd7 8. c3 Be7
9. d5 Na5 10. Bxd7+ Qxd7 11. Nbd2 b6 12. b4 Nb7 13. a4 O-O 14. Nc4 a5 15. b5 Nc5
16. Qc2 Nfxe4 17. Rxe4 Nxe4 18. Qxe4 f5 19. Qe2 e4 20. Nd4 Bf6 21. Be3 Bxd4 22.
Bxd4 Qf7 23. Ne3 f4 24. Ng4 Qg6 25. f3 Rae8 26. fxe4 Rxe4 27. Qf3 Rfe8 28. Kf1
Qf5 29. Nf2 R4e7 30. Nd3 Re3 31. Qxf4 Qxd3+ 32. Kf2 Qd2+ 33. Kf1 Qd3+ 34. Kf2
Re2+ 35. Kf1 Rf8 36. Bf6 Rxf6 37. Qxf6 gxf6 {White resigns} 0-1

[Event "Team 45 45 League T58"]
[Site "Internet Chess Club"]
[Date "2013.08.29"]
[Round "1"]
[White "Tribe97"]
[Black "chips"]
[Result "1/2-1/2"]
[WhiteElo "1299"]
[BlackElo "1209"]
[Opening "QGD: Marshall defense"]
[ECO "D06"]
[Time "21:00:44"]
[TimeControl "2700+45"]

1. d4 d5 2. c4 Nf6 3. Nc3 dxc4 4. e3 e6 5. Bxc4 g6 6. Nf3 Bg7 7. O-O O-O 8. e4
b6 9. Bf4 a6 10. Qd2 Bb7 11. Rfe1 b5 12. Bd3 Nbd7 13. Bg5 Qc8 14. Ne5 c5 15. Nf3
cxd4 16. Nxd4 Nc5 17. Bc2 Nfd7 18. b4 Bxd4 19. Qxd4 Na4 20. Bxa4 bxa4 21. Nxa4
f6 22. Rad1 Rf7 23. Rc1 Qe8 24. Bd2 Rc8 25. Nc5 Nxc5 26. Rxc5 Rxc5 27. Qxc5 Qc8
28. Qxc8+ Bxc8 29. Rc1 Bb7 30. f3 Rd7 31. Be3 Kf7 32. Kf2 e5 33. a4 Ke6 34. g3
f5 35. exf5+ Kxf5 36. g4+ Ke6 37. h4 Bd5 38. b5 axb5 39. axb5 Rb7 40. b6 h6 41.
Rc7 h5 42. Rxb7 Bxb7 43. gxh5 gxh5 44. f4 exf4 45. Bxf4 Kf5 46. Bc7 Kg4 47. Bd8
Kf5 48. Ke3 Ke6 49. Kf4 Kd7 50. Bf6 Ke6 51. Bb2 Kd7 52. Kg5 Bf3 53. b7 Bxb7 54.
Kxh5 Be4 55. Kg5 Bb1 56. h5 Kc6 57. h6 Kb5 58. Kf4 Kb4 59. Ke3 Kb3 60. Bf6 Bh7
61. Kf4 Bb1 {Game drawn by mutual agreement} 1/2-1/2

[Event "Team 45 45 League T58"]
[Site "Internet Chess Club"]
[Date "2013.08.25"]
[Round "1"]
[White "arconia"]
[Black "Rococo"]
[Result "1-0"]
[WhiteElo "1297"]
[BlackElo "1225"]
[Opening "French: advance variation"]
[ECO "C02"]
[Time "14:00:38"]
[TimeControl "2700+45"]

1. e4 d5 2. e5 e6 3. d4 c5 4. c3 cxd4 5. cxd4 Nc6 6. Nf3 Bd7 7. a3 f6 8. Nh4
fxe5 9. Qh5+ g6 10. Nxg6 hxg6 11. Qxg6+ Ke7 12. Bg5+ Kd6 13. Bxd8 {Black
resigns} 1-0

[Event "Team 45 45 League T58"]
[Site "Internet Chess Club"]
[Date "2013.08.24"]
[Round "1"]
[White "kabubi"]
[Black "oldbookseller"]
[Result "1-0"]
[WhiteElo "1172"]
[BlackElo "967"]
[Opening "KP: Indian opening"]
[ECO "C20"]
[Time "15:30:17"]
[TimeControl "2700+45"]

1. e4 e5 2. d3 d6 3. g3 g6 4. c3 c5 5. Nd2 Be6 6. Bg2 Nf6 7. Ngf3 Bg7 8. O-O O-O
9. Qe2 Ng4 10. h3 Nf6 11. b3 a6 12. Re1 b5 13. Nf1 Qa5 14. Bd2 c4 15. b4 Qc7 16.
d4 Nfd7 17. d5 Qa7 18. dxe6 fxe6 19. Be3 Qc7 20. Ng5 Rf6 21. Qg4 Nf8 22. h4 h5
23. Qh3 Nc6 24. f4 exf4 25. gxf4 e5 26. f5 gxf5 27. exf5 Ne7 28. Bxa8 Nxf5 29.
Bd5+ Kh8 30. Nf7+ Rxf7 31. Bxf7 Qxf7 32. Nd2 Qg6+ 33. Kh2 e4 34. Rg1 Be5+ 35.
Kh1 Ng3+ 36. Kg2 Ne2+ 37. Kh1 Ng3+ 38. Kg2 Ne2+ 39. Kf1 Ng3+ 40. Ke1 Ne6 41. Kf2
Qf6+ 42. Ke1 Nf4 43. Qc8+ Kh7 44. Nxe4 Nd3+ 45. Kd2 Nf1+ 46. Raxf1 Qxh4 47. Rf7+
Bg7 48. Rgxg7# {Black checkmated} 1-0

[Event "Team 45 45 League T58"]
[Site "Internet Chess Club"]
[Date "2013.08.22"]
[Round "1"]
[White "mindstorm"]
[Black "dabodhi"]
[Result "1/2-1/2"]
[WhiteElo "1361"]
[BlackElo "1334"]
[Opening "Scandinavian gambit"]
[ECO "B01"]
[Time "19:03:37"]
[TimeControl "2700+45"]

1. e4 d5 2. exd5 Nf6 3. c4 c6 4. dxc6 Nxc6 5. Nc3 e5 6. g3 Bc5 7. Bg2 Ng4 8. Nh3
Qb6 9. O-O Bf5 10. Nd5 Qd8 11. a3 a5 12. d3 h6 13. Qf3 Qd7 14. Be3 Nxe3 15. fxe3
Be6 16. Kh1 O-O 17. Qh5 Bg4 18. Nf6+ gxf6 19. Qxh6 Bxe3 20. Qxe3 Bxh3 21. Bxh3
Qxh3 22. Rxf6 Qh8 23. Rf5 Ne7 24. Rxe5 Ng6 25. Rg5 Rae8 26. Qf3 Re5 27. Rxe5
Qxe5 28. Rb1 Qc7 29. b4 Qc6 30. Qxc6 bxc6 31. bxa5 Ra8 32. Rb6 Rxa5 33. Rxc6
Rxa3 34. d4 Ra1+ 35. Kg2 Ra3 36. d5 Ne5 37. Rc8+ Kg7 38. c5 Rd3 39. d6 Nd7 40.
c6 Rxd6 41. cxd7 Rxd7 42. h4 Rd2+ 43. Kh3 f5 44. Rc4 Kg6 45. Rf4 Rd1 46. h5+
Kxh5 47. Rxf5+ Kg6 48. Kg4 Rg1 49. Rf4 Rg2 50. Kf3 Rg1 51. g4 Rf1+ 52. Kg3 Rxf4
53. Kxf4 Kf6 54. Kg3 Kg5 55. Kf3 Kg6 56. Kf4 Kf6 57. g5+ Kg6 58. Kg4 Kg7 59. Kh5
Kh7 60. g6+ Kg7 61. Kg5 Kg8 62. Kf6 Kf8 63. Kg5 Kg7 64. Kh5 Kg8 65. Kh6 Kh8 66.
Kg5 Kg7 67. Kf5 Kg8 68. Kf6 Kf8 69. Kg5 Kg7 70. Kh5 Kg8 71. Kh6 Kh8 72. Kh5 Kg7
73. Kg5 Kg8 74. Kf6 Kf8 75. g7+ Kg8 76. Kg6 {Black stalemated} 1/2-1/2

[Event "Team 45 45 League T58"]
[Site "Internet Chess Club"]
[Date "2013.08.25"]
[Round "1"]
[White "Aquaman"]
[Black "MasterD"]
[Result "1-0"]
[WhiteElo "1376"]
[BlackElo "1219"]
[Opening "Réti opening"]
[ECO "A04"]
[Time "15:00:29"]
[TimeControl "2700+45"]

1. Nf3 e6 2. g3 Be7 3. Bg2 Nf6 4. O-O O-O 5. d3 Nc6 6. Nbd2 b6 7. e4 Bb7 8. Re1
d5 9. e5 Nd7 10. c3 f6 11. d4 fxe5 12. dxe5 Rf5 13. Bh3 Rh5 14. Bxe6+ Kh8 15.
Bxd5 Ndxe5 16. Bxc6 Nxf3+ 17. Nxf3 Bxc6 18. Nd4 Rd5 19. Qe2 Bc5 20. Nxc6 Qd7 21.
Qe6 Qxe6 22. Rxe6 Rd1+ 23. Kg2 Rf8 24. Nd4 h6 25. b4 Bd6 26. Bb2 Rd2 27. Rf1
Rxb2 28. a3 a6 29. Re3 b5 30. Re2 Rxe2 31. Nxe2 Re8 32. Nd4 c5 33. Nf3 Re2 34.
Re1 Rxe1 35. Nxe1 Be5 36. c4 cxb4 37. axb4 bxc4 38. Nc2 Kg8 39. Kf3 Kf7 40. Ke4
Ke6 41. f4 Bf6 42. f5+ Kd6 43. g4 Kc6 44. h3 Kd6 45. Ne3 Be5 46. Nxc4+ Kc6 47.
Nxe5+ Kb5 48. Nd3 a5 49. bxa5 Kxa5 50. Ke5 Kb6 51. Nf4 Kc7 52. Ne6+ Kd7 53. Nxg7
Ke7 54. Ne6 Kf7 55. h4 Ke7 56. g5 hxg5 57. hxg5 {Black resigns} 1-0

[Event "Team 45 45 League T58"]
[Site "Internet Chess Club"]
[Date "2013.08.25"]
[Round "1"]
[White "Jjohnston92A"]
[Black "seattleblues"]
[Result "0-1"]
[WhiteElo "1344"]
[BlackElo "1462"]
[Opening "Caro-Kann defense"]
[ECO "B10"]
[Time "05:00:03"]
[TimeControl "2700+45"]

1. e4 c6 2. Nf3 d5 3. e5 Bg4 4. d4 e6 5. h3 Bh5 6. g4 Bg6 7. Bd3 Nd7 8. Bxg6
hxg6 9. b3 c5 10. Nc3 cxd4 11. Qxd4 Bc5 12. Qa4 Qb6 13. Rh2 Rc8 14. Bf4 Bxf2+
15. Rxf2 Rxc3 16. Nd4 Rhxh3 17. O-O-O Rh7 18. Nb5 Rch3 19. Nd6+ Kd8 20. Nxf7+
Kc8 21. Nd6+ Kc7 22. Ne8+ Kc8 23. Nd6+ Kc7 24. Rff1 Ne7 25. Bg5 Nc6 26. Ne8+ Kc8
27. Rf7 Ncxe5 28. Nd6+ Qxd6 29. Bf4 Nd3+ 30. cxd3 Qc6+ 31. Qxc6+ bxc6 32. Rd2
Rh8 33. Rxg7 Rh1+ 34. Kc2 Rf1 35. Bd6 Rhh1 36. Ba3 Rh6 37. Re2 Rf4 38. Rxe6 Rh2+
39. Kc3 d4+ 40. Kc4 Rc2+ 41. Kb4 c5+ 42. Kb5 Rxa2 43. Rc6+ Kd8 44. Bxc5 a6+ 45.
Kc4 Ne5+ 46. Kd5 Nxc6 47. Kxc6 Rf6+ 48. Kb7 Re2 49. Be7+ Rxe7+ 50. Kb8 Rxg7
{White resigns} 0-1

[Event "Team 45 45 League T58"]
[Site "Internet Chess Club"]
[Date "2013.08.23"]
[Round "1"]
[White "medsurg"]
[Black "stantheman59"]
[Result "1-0"]
[WhiteElo "1334"]
[BlackElo "1177"]
[Opening "French: Winawer, advance variation"]
[ECO "C16"]
[Time "20:05:03"]
[TimeControl "2700+45"]

1. e4 e6 2. d4 d5 3. Nc3 Bb4 4. e5 Nc6 5. a3 Be7 6. Nf3 a6 7. Bd3 b5 8. Ne2 Na5
9. c3 c5 10. dxc5 Nc6 11. b4 Rb8 12. Ned4 Nxd4 13. Nxd4 Qc7 14. f4 Bxc5 15. bxc5
Qxc5 16. Qc2 Ne7 17. Be3 g6 18. Bf2 O-O 19. Nxe6 Qc6 20. Nxf8 Kxf8 21. O-O Bf5
22. Rac1 Be4 23. Bxe4 dxe4 24. Rfe1 Rc8 25. Qxe4 Qe6 26. Bh4 Nf5 27. Bf6 Qb3 28.
Qb7 Qe6 29. Qe4 Re8 30. c4 bxc4 31. Rxc4 Qb6+ 32. Kh1 Nd6 33. exd6 Rxe4 34. Rc8+
Qd8 35. Rxd8+ Re8 36. Rdxe8# {Black checkmated} 1-0

[Event "Team 45 45 League T58"]
[Site "Internet Chess Club"]
[Date "2013.08.26"]
[Round "1"]
[White "theartist"]
[Black "rgadoury"]
[Result "1-0"]
[WhiteElo "1142"]
[BlackElo "1215"]
[Opening "King's Indian: 6.Be2"]
[ECO "E91"]
[Time "13:16:53"]
[TimeControl "2700+45"]

1. d4 Nf6 2. c4 g6 3. Nc3 Bg7 4. e4 d6 5. Be2 O-O 6. Nf3 c6 7. O-O Nbd7 8. h3 b6
9. Be3 Bb7 10. Qd2 d5 11. Qc2 Rc8 12. Rfd1 Qc7 13. e5 Ne8 14. Bf4 e6 15. Qd2 Ba6
16. b3 dxc4 17. bxc4 Qb7 18. Rab1 Qa8 19. Bh6 c5 20. Bxg7 Kxg7 21. d5 exd5 22.
cxd5 Bxe2 23. Qxe2 h6 24. Rd2 Rh8 25. Qb5 Rd8 26. e6 fxe6 27. dxe6 Ndf6 28. Rxd8
Qxd8 29. Rd1 Nd6 30. Qc6 Nfe8 31. Qd7+ Qxd7 32. exd7 Nf6 33. Rxd6 Nxd7 34. Rxd7+
{Black resigns} 1-0

[Event "Team 45 45 League T58"]
[Site "Internet Chess Club"]
[Date "2013.08.26"]
[Round "1"]
[White "WzeroMN"]
[Black "jjaco"]
[Result "1-0"]
[WhiteElo "1108"]
[BlackElo "1048"]
[Opening "Ruy Lopez: closed"]
[ECO "C90"]
[Time "10:30:16"]
[TimeControl "2700+45"]

1. e4 e5 2. Nf3 Nc6 3. Bb5 a6 4. Ba4 b5 5. Bb3 Nf6 6. O-O Be7 7. Re1 d6 8. Nc3
O-O 9. d3 Na5 10. Bd5 Nxd5 11. Nxd5 c6 12. Nxe7+ Qxe7 13. b4 Nb7 14. h3 f6 15.
Be3 f5 16. c3 f4 17. Bb6 Nd8 18. Bxd8 Qxd8 19. Qb3+ Kh8 20. Red1 h6 21. d4 Qe7
22. dxe5 Be6 23. exd6 Qf6 24. Qc2 Rad8 25. e5 Bf5 26. exf6 Bxc2 27. fxg7+ Kxg7
28. Rd2 Bg6 29. Ne5 Rf6 30. Nxg6 Rxg6 31. Rad1 {Black resigns} 1-0

[Event "Team 45 45 League T58"]
[Site "Internet Chess Club"]
[Date "2013.08.25"]
[Round "1"]
[White "Gorongonde"]
[Black "sesquipedal"]
[Result "1-0"]
[WhiteElo "1761"]
[BlackElo "1792"]
[Opening "Sicilian: Nimzovich-Rubinstein variation"]
[ECO "B29"]
[Time "21:00:59"]
[TimeControl "2700+45"]

1. e4 c5 2. Nf3 Nf6 3. e5 Nd5 4. c4 Nb6 5. d4 cxd4 6. Nxd4 d6 7. exd6 Qxd6 8.
Be3 Nc6 9. Nc3 e5 10. c5 Qxc5 11. Nxc6 {Black resigns} 1-0

[Event "Team 45 45 League T58"]
[Site "Internet Chess Club"]
[Date "2013.08.27"]
[Round "1"]
[White "amicusUK"]
[Black "DaveTheRook"]
[Result "1-0"]
[WhiteElo "1664"]
[BlackElo "1663"]
[Opening "Queen's pawn game"]
[ECO "A46"]
[Time "18:16:14"]
[TimeControl "2700+45"]

1. d4 Nf6 2. Nf3 d6 3. Bg5 Nbd7 4. e3 c6 5. c3 h6 6. Bh4 g5 7. Bg3 Nh5 8. Be2
Ndf6 9. Nbd2 Nxg3 10. hxg3 Bf5 11. Nxg5 Bg7 12. Nh3 Qd7 13. Nf4 O-O-O 14. Nh5
Rdg8 15. Nxf6 Bxf6 16. Qa4 Kb8 17. O-O-O Qc7 18. Nf3 Be6 19. Kb1 Qb6 20. Bc4
Bf5+ 21. Bd3 Be6 22. Bc4 Bf5+ 23. Ka1 e6 24. Bd3 Bg4 25. Rc1 Bxf3 26. gxf3 Rg5
27. Qc2 Qa5 28. b4 Qd8 29. Rb1 b5 30. Rh3 h5 31. Rbh1 h4 32. Rxh4 Rxh4 33. Rxh4
Rg8 34. Rh1 Rh8 35. Qd1 Qg8 36. Qg1 Qg7 37. Rh2 Rxh2 38. Qxh2 Kc7 39. Qh7 Kd7
40. Qxg7 Bxg7 41. f4 f5 42. Kb2 d5 43. Kb3 a6 44. Be2 Ke7 45. Kc2 Kf6 46. g4
fxg4 47. Bxg4 Bf8 48. Kd3 Be7 49. Ke2 Bf8 50. Kf3 Bg7 51. Kg3 Bf8 52. Bh5 Ke7
53. Kg4 Bg7 54. f3 Bh6 55. Bg6 Bg7 56. Kh5 Bf6 57. e4 Bg7 58. e5 Bf8 59. f5 exf5
60. Bxf5 Kd8 61. Bg6 Be7 62. f4 Bf8 63. f5 Be7 64. f6 Bf8 65. e6 Bd6 66. e7+
Bxe7 67. fxe7+ Kxe7 68. Kg5 {Black resigns} 1-0

[Event "Team 45 45 League T58"]
[Site "Internet Chess Club"]
[Date "2013.08.22"]
[Round "1"]
[White "SATELLITE-DAN"]
[Black "losscause"]
[Result "0-1"]
[WhiteElo "1548"]
[BlackElo "1576"]
[Opening "Caro-Kann: classical variation"]
[ECO "B18"]
[Time "19:00:13"]
[TimeControl "2700+45"]

1. e4 c6 2. d4 d5 3. Nc3 dxe4 4. Nxe4 Bf5 5. Bd3 Qxd4 6. Nf3 Qd7 7. Nc5 Qc8 8.
O-O Bxd3 9. Qxd3 e6 10. Be3 Nf6 11. Bd4 Be7 12. Ng5 b6 13. Nce4 Nbd7 14. Rad1 h6
15. Nh3 O-O 16. Qg3 e5 17. Bxe5 Nxe5 18. Qxe5 Nxe4 19. Qxe4 Re8 20. Qc4 Qc7 21.
g3 Rad8 22. Nf4 Rxd1 23. Rxd1 Qc8 24. Ng6 c5 25. Ne5 Rf8 26. Rd7 Bf6 27. Rxf7
Kh7 28. Qe4+ Kg8 29. Rxa7 Bxe5 30. Qxe5 Rf6 31. Qd5+ Kh8 32. Rd7 Rf8 33. Rd6 b5
34. Rc6 Qa8 35. Qd6 Rf6 {White resigns} 0-1